 Dungeon Crawl Stone Soup version 0.26-a0-830-g2a559e7be2 (webtiles) character file.

Game seed: 14010556663618359166

736 Descartes the Conjurer (level 7, 0/36 HPs)
             Began as a Deep Elf Conjurer on Nov 15, 2020.
             Slain by a kobold
             ... wielding a +0 dagger
              (2 damage)
             ... on level 4 of the Dungeon.
             The game lasted 00:11:15 (6894 turns).

Descartes the Conjurer (Deep Elf Conjurer)          Turns: 6894, Time: 00:11:16

Health: 0/36       AC:  5    Str:  4    XL:     7   Next: 46%
Magic:  18/18      EV: 11    Int: 27    God:
Gold:   208        SH:  5    Dex: 13    Spells: 12/18 levels left

rFire    . . .     SeeInvis +   K - +9 club
rCold    . . .     Faith    .   (no shield)
rNeg     . . .     Spirit   .   t - +0 leather armour
rPois    .         Reflect  +   u - +1 helmet
rElec    .         Harm     .   (no cloak)
rCorr    .         Rampage  .   (no gloves)
MR       +....                  (no boots)
Stlth    +++.......             m - amulet of reflection
HPRegen  0.12/turn              n - ring of wizardry
MPRegen  0.16/turn              j - ring of see invisible

@: lethally poisoned (0 -> -9), attractive, slowed, very slow
A: blurry vision 1, clever 1, magic resistance 1
a: no special abilities


You were on level 4 of the Dungeon.
You visited 1 branch of the dungeon, and saw 4 of its levels.

You collected 208 gold pieces.

Inventory:

Hand Weapons
 g - a +0 short sword
 H - a +1 falchion
 K - a +9 club (weapon)
Missiles
 d - 130 arrows
 e - 340 stones (quivered)
 h - 33 bolts
 o - 7 boomerangs
 p - 106 sling bullets
 w - 8 poisoned darts
 E - 5 large rocks
Armour
 a - a +0 robe
 t - a +0 leather armour (worn)
 u - a +1 helmet (worn)
Jewellery
 j - a ring of see invisible (right hand)
 m - an amulet of reflection (around neck)
 n - a ring of wizardry (left hand)
 r - an uncursed ring of positive energy
 z - an uncursed ring of wizardry
Wands
 B - a wand of disintegration (12)
 J - a wand of random effects (13)
Scrolls
 c - 3 scrolls of teleportation
Potions
 b - 3 potions of might
 f - a potion of haste
 i - 2 potions of ambrosia
 q - a potion of berserk rage
 C - a potion of resistance {unknown}
 F - a potion of curing {unknown}
 I - a potion of degeneration {unknown}


   Skills:
 - Level 2.4 Dodging
 + Level 5.8 Stealth
 + Level 6.1 Spellcasting
 * Level 7.8 Conjurations


You had 12 spell levels left.
You knew the following spells:

 Your Spells              Type           Power        Failure   Level
a - Magic Dart            Conj           ####         1%          1
b - Searing Ray           Conj           ######       1%          2
c - Dazzling Flash        Conj/Hex       ####..       2%          3

Your spell library contained the following spells:

 Spells                   Type           Power        Failure   Level
 Fulminant Prism          Conj/Hex       ####......   9%          4
 Iskenderun's Mystic Bla  Conj/Tloc      ####....     9%          4


Dungeon Overview and Level Annotations

Branches:
Dungeon (4/15)
 Temple: D:4-7

Altars:
Cheibriados
Fedhas
Gozag
Makhleb
Yredelemnul

Shops:
D:4 [


Innate Abilities, Weirdness & Mutations

Scrolls take you a little longer to read.
Your mind is acute. (Int +2)
You are resistant to hostile enchantments. (MR+)


Message History

The kobold barely misses you. The big kobold barely misses you.
The kobold barely misses you. The kobold closely misses you. x2
It was a potion of mutation.
You feel extremely strange.
You feel resistant to hostile enchantments.
Your vision blurs.
You feel clever.
* * * LOW HITPOINT WARNING * * *
You feel sick. The kobold closely misses you.
The big kobold hits you with a +0 club.
* * * LOW HITPOINT WARNING * * *
The kobold hits you but does no damage. The kobold barely misses you.
The kobold hits you but does no damage. x2
You miss the hobgoblin.
You feel less invigorated.
You feel less confused.
* * * LOW HITPOINT WARNING * * *
You feel sick.
The kobold hits you but does no damage. x2
The kobold hits you with a +0 whip.
* * * LOW HITPOINT WARNING * * *
The big kobold hits you but does no damage.
The kobold hits you with a +0 dagger.
You die...

.................................
≈≈≈≈≈≈≈≈≈≈≈≈≈≈≈.≈≈≈≈≈≈..≈≈..≈≈≈≈≈
≈≈≈≈≈≈≈≈≈≈≈≈≈≈≈≈≈≈≈≈≈≈≈≈≈≈≈≈≈≈≈≈≈
≈≈≈≈≈≈≈≈≈≈≈≈≈≈≈≈≈≈≈≈≈≈≈≈≈≈≈≈≈≈≈≈≈
≈≈≈≈≈≈≈≈≈≈≈≈≈≈≈≈≈≈≈≈≈#####≈≈≈≈≈≈≈
######################$$$#≈≈≈≈≈≈≈
#.....## ##(.....#.$$#≈≈≈≈≈
+......###..KK...#K$g#
#####...[...#...@KK..##)#
....).......#..gKK.....(#
...)........'...........#
....).......#...........#
#####..†....#.......†##)##
+......###.......#..)# #.....##
##......#...# #######
########...# #####


You could see a big kobold, a hobgoblin and 5 kobolds.

Vanquished Creatures
  Menkaure (D:4)
  3 big kobolds (D:4)
  A hound (D:4)
  An orc wizard (D:3)
  A worker ant (D:4)
  Ijyb (D:4)
  2 iguanas (D:4)
  Robin (D:2)
  9 adders
  A shadow imp (D:3)
  2 oozes (D:2)
  A worm (D:3)
  A dart slug (D:1)
  3 leopard geckos
  16 orcs
  4 giant cockroaches
  12 goblins
  9 hobgoblins
  7 jackals (D:2)
  3 quokkas
  2 ball pythons (D:4)
  5 bats
  7 frilled lizards
  39 kobolds
  3 rats
135 creatures vanquished.

Vanquished Creatures (others)
  3 plants (D:2)
3 creatures vanquished.

Grand Total: 138 creatures vanquished

Notes
Turn   | Place    | Note
-------+----------+-------------------------------------------
     0 | D:1      | Descartes the Deep Elf Conjurer began the quest for the
                  | Orb.
     0 | D:1      | Reached XP level 1. HP: 10/10 MP: 6/6
   612 | D:1      | Reached XP level 2. HP: 15/15 MP: 6/8
   973 | D:2      | Noticed Robin
  1447 | D:2      | Reached skill level 5 in Conjurations
  1447 | D:2      | Reached XP level 3. HP: 19/19 MP: 8/10
  1468 | D:2      | Found a blossoming altar of Fedhas.
  1704 | D:2      | Found a burning altar of Makhleb.
  1713 | D:2      | Learned a level 2 spell: Searing Ray
  1717 | D:2      | Learned a level 3 spell: Dazzling Flash
  1802 | D:2      | Killed Robin
  1810 | D:2      | Reached XP level 4. HP: 24/24 MP: 2/11
  3097 | D:3      | Reached XP level 5. HP: 28/28 MP: 9/13
  3391 | D:3      | Found an opulent altar of Gozag.
  3450 | D:3      | Reached skill level 6 in Conjurations
  4004 | D:4      | Found a snail-covered altar of Cheibriados.
  4004 | D:4      | Noticed a torpor snail
  4004 | D:4      | Noticed a torpor snail
  4004 | D:4      | Noticed a torpor snail
  4476 | D:3      | Reached XP level 6. HP: 28/32 MP: 12/15
  4891 | D:4      | Reached skill level 5 in Spellcasting
  5298 | D:4      | Found Ycufeodgh's Armour Emporium.
  5312 | D:4      | Noticed Menkaure
  5323 | D:4      | Killed Menkaure
  5324 | D:4      | Reached skill level 5 in Stealth
  5324 | D:4      | Reached skill level 7 in Conjurations
  5550 | D:4      | Found a basalt altar of Yredelemnul.
  5863 | D:4      | Noticed Ijyb
  5877 | D:4      | Killed Ijyb
  6056 | D:4      | Reached XP level 7. HP: 36/36 MP: 10/17
  6892 | D:4      | HP: 1/36 [kobold/+0 whip (2)]
  6893 | D:4      | Gained mutation: You are resistant to hostile enchantments.
                  | (MR+) [potion of mutation]
  6893 | D:4      | Gained mutation: Scrolls take you a little longer to read.
                  | [potion of mutation]
  6893 | D:4      | Gained mutation: Your mind is acute. (Int +2) [potion of
                  | mutation]
  6894 | D:4      | Slain by a kobold

Illustrated notes

Levels and vault maps discovered:
D:1:      saegor_arrival_simple_c, layout_basic, lemuel_old_faithful
D:2:      layout_basic, fedhas_ov_isle_minmay, old_standard_altar, uniq_robin
D:3:      layout_basic, lemuel_statue_altar
D:4:      minmay_goblin_kobold_castle, layout_cave_pods, cheibriados_altar_2,
          nicolae_overflow_hidden_temple, serial_shops, shop,
          corexii_leaking_fountain, minmay_between, uniq_ijyb, uniq_menkaure

Skill      XL: |  1  2  3  4  5  6  7 |
---------------+----------------------+-----
Stealth        | 3 4 5 |  5.8
Conjurations   | 5 6 7 |  7.8
Spellcasting   | 4 5 6 |  6.1
Dodging        | |  2.4

Action                   |  1- 3 |  4- 6 |  7- 9 || total
-------------------------+-------+-------+-------++-------
Melee: Short sword       |     9 |       |       ||     9
       Club              |       |       |     6 ||     6
 Cast: Magic Dart        |    68 |   224 |    72 ||   364
  Use: Scroll            |       |       |    11 ||    11
       Potion            |       |       |     3 ||     3
Armor: Robe              |     3 |       |       ||     3
       Leather armour    |       |    21 |    20 ||    41
Dodge: Dodged            |    16 |    50 |    35 ||   101
Block: Other             |     4 |    26 |    13 ||    43
       Reflection        |       |     1 |     5 ||     6
       Rpst.: Falchion   |       |     6 |       ||     6

Table legend: (Time is in decaauts)
 A = Elapsed time spent in this place.
 B = Non-inter-level travel time spent in this place.
 C = Inter-level travel time spent in this place.
 D = Time resting spent in this place.
 E = Time spent auto-exploring this place.
 F = Levels seen in this place.
 G = Mean time per level.
                   A        B        C        D        E       F      G
               +--------+--------+--------+--------+--------+-----+--------+
         Total |   6903 |   6543 |    360 |      0 |   5712 |   4 | 1725.8 |
       Dungeon |   6903 |   6543 |    360 |      0 |   5712 |   4 | 1725.8 |
               +--------+--------+--------+--------+--------+-----+--------+

Top non-repeatable levels by time:
     D:4: 2344 daAuts
     D:3: 1863 daAuts
     D:2: 1566 daAuts
     D:1: 1129 daAuts
